 Dungeon Crawl Stone Soup version 0.16.2-12-gd0ad4c3 (webtiles) character file.

156 hannobal the Conjurer (level 4, -3/33 HPs)
             Began as a Demigod Wizard on Oct 4, 2015.
             Killed from afar by Sigmund (11 damage)
             ... with a wand of flame
             ... on level 4 of the Dungeon.
             The game lasted 00:13:01 (3666 turns).

hannobal the Conjurer (Demigod Wizard)              Turns: 3666, Time: 00:13:02

Health: -3/33      AC:  3    Str: 10    XL:     4   Next: 92%
Magic:  11/12      EV: 12    Int: 24    God:
Gold:   164        SH:  0    Dex: 14    Spells: 4 memorised, 2 levels left

rFire  . . .     SeeInvis .     a - +0 mace (holy)
rCold  . . .     Clarity  .     e - +0 robe
rNeg   . . .     SustAb   +     (no shield)
rPois  .         Gourm    .     b - +1 hat
rElec  .         Spirit   .     (no cloak)
rCorr  .         Warding  .     (no gloves)
rMut   .         Stasis   .     (no boots)
MR     .....                    (no amulet)
Stlth  ++........               (no ring)
                                (no ring)

@: repel missiles, not resistant to hostile enchantments, unstealthy
A: sustain abilities
a: no special abilities


You were on level 4 of the Dungeon.
You were not hungry.

You visited 1 branch of the dungeon, and saw 4 of its levels.

You collected 164 gold pieces.

Inventory:

Hand weapons
 a - a +0 mace of holy wrath (weapon)
 r - a +0 spear
Missiles
 f - 56 arrows
 g - 12 silver bolts
 h - 93 stones
 l - 22 poisoned needles
 q - 5 tomahawks (quivered)
Armour
 b - a +1 hat (worn)
 e - a +0 robe (worn)
 i - a +0 ring mail
 t - a +0 shield
 u - a +0 leather armour
Scrolls
 m - 2 scrolls of identify
 p - a scroll of noise
 v - a scroll of enchant armour
Books
 c - a book of Minor Magic

   Spells                             Type                      Level
   a - Magic Dart                     Conjuration                  1
   b - Blink                          Translocation                2
   c - Call Imp                       Summoning                    2
   d - Repel Missiles                 Charms/Air                   2
   e - Slow                           Hexes                        2
   f - Conjure Flame                  Conjuration/Fire             3
   g - Mephitic Cloud                 Conjuration/Poison/Air       3
 s - a book of Transfigurations

   Spells                             Type                      Level
   a - Stoneskin                      Transmutation/Earth          2
   b - Irradiate                      Conjuration/Transmutation    5
   c - Statue Form                    Transmutation/Earth          6
   d - Hydra Form                     Transmutation                6
   e - Dragon Form                    Transmutation                7
Comestibles
 d - 3 bread rations {@e1}
 j - 4 fruits
 n - a beef jerky
 o - 2 slices of pizza
 w - a royal jelly
 x - a meat ration {@e2}


   Skills:
 - Level 1.7 Dodging
 - Level 1.7 Stealth
 - Level 3.0 Spellcasting
 + Level 3.9 Conjurations
 - Level 1.0 Charms
 - Level 1.0 Summonings
 - Level 1.0 Translocations
 - Level 1.0 Air Magic


You had 2 spell levels left.
You knew the following spells:

 Your Spells              Type           Power        Failure   Level  Hunger
b - Blink                 Tloc           N/A          12%         2    ##.....
i - Call Imp              Summ           #.......     12%         2    ##.....
r - Repel Missiles        Chrm/Air       #.....       12%         2    ##.....
z - Magic Dart            Conj           ###.         1%          1    None


Dungeon Overview and Level Annotations

Branches:
Dungeon (4/15)
 Temple: D:4-7

Shops:
D:4 }

Annotations:
D:4 Sigmund


Innate Abilities, Weirdness & Mutations

Your attributes are resistant to harm.


Message History

Press: ? - help, v - describe, . - travel
Here: Sigmund, wielding a scythe and wearing a robe The floor.
Unknown command.
Sigmund zaps a wand.
The puff of flame hits you!
It is a wand of flame.
Casting: Magic Dart
Confirm with . or Enter, or press ? or * to list all spells.
You feel protected from missiles. Sigmund gestures at you while chanting.
You are confused.
You aren't carrying any potions.
Sigmund zaps a wand.
The puff of flame hits you!
You're too confused to move!
Sigmund zaps a wand.
The puff of flame hits you!
* * * LOW HITPOINT WARNING * * *
Sigmund casts a spell at you.
The puff of flame is repelled.
Sigmund zaps a wand.
The puff of flame is repelled.
You feel less confused.
Sigmund zaps a wand.
The puff of flame hits you!
You die...

###.#### ##..#'#...>....#
#..# ####∩#........# #.##
#######........# #.
#####.........)...##
##.####.....###.##......#
#.....#.#######.##.##....#
#.......##......##.#.....
#........#...######..# ...
.##.......@## .## .
#.....#...# . #.#.#.....#
...#.##.#..# . .. #.##.#
... #.##.# #. #.# . #.#
#...Z...@.......$


You could see Sigmund.

Vanquished Creatures
  An orc wizard (D:3)
  7 adders
  A giant gecko (D:1)
  An ooze (D:4)
  2 orcs (D:3)
  A ball python (D:1)
  7 hobgoblins
  8 jackals
  A quokka (D:3)
  12 bats
  2 giant cockroaches
  3 giant newts
  8 goblins
  6 kobolds
  6 rats
66 creatures vanquished.

Vanquished Creatures (others)
  2 crimson imps (D:3)
2 creatures vanquished.

Grand Total: 68 creatures vanquished

Notes
Turn   | Place    | Note
--------------------------------------------------------------
     0 | D:1      | hannobal, the Demigod Wizard, began the quest for the Orb.
     0 | D:1      | Reached XP level 1. HP: 14/14 MP: 4/4
     7 | D:1      | Reached skill level 1 in Conjurations
   401 | D:1      | Reached XP level 2. HP: 20/20 MP: 3/6
   405 | D:1      | Learned a level 2 spell: Call Imp
   508 | D:1      | Reached skill level 1 in Summonings
   904 | D:1      | Reached skill level 3 in Spellcasting
  1120 | D:2      | Learned a level 2 spell: Repel Missiles
  1124 | D:2      | Learned a level 2 spell: Blink
  1482 | D:2      | Reached XP level 3. HP: 22/26 MP: 1/9
  1852 | D:2      | Reached skill level 1 in Translocations
  1935 | D:3      | Noticed an orc warrior
  1967 | D:3      | Reached skill level 1 in Air Magic
  2085 | D:3      | Reached skill level 1 in Charms
  2227 | D:3      | Found a radiant altar of Vehumet.
  2228 | D:3      | Found a shimmering altar of Xom.
  2228 | D:3      | Found a shadowy altar of Dithmenos.
  2233 | D:3      | Found an iron altar of Okawaru.
  2351 | D:3      | Reached XP level 4. HP: 31/33 MP: 4/12
  2624 | D:3      | Found an ancient bone altar of Kikubaaqudgha.
  3618 | D:4      | Found Choidwi's Gadget Shop.
  3654 | D:4      | Noticed Sigmund
  3666 | D:4      | Killed from afar by Sigmund

Action                   |  1- 3 |  4- 6 || total
-------------------------+-------+-------++-------
Melee: Spear             |    13 |       ||    13
       Mace              |     2 |       ||     2
 Cast: Magic Dart        |    99 |    60 ||   159
       Call Imp          |     3 |     1 ||     4
       Repel Missiles    |     1 |     1 ||     2
  Use: Scroll            |     6 |     2 ||     8
       Potion            |     2 |     1 ||     3
  Eat: Chunk             |     4 |     4 ||     8
